 Dungeon Crawl Stone Soup version 0.31.0-9-g3a7656b989 (webtiles) character file.

Game seed: 832655564936982820

67 Mahakala the Covered (level 4, -3/28 HPs)
             Began as a Gargoyle Fighter on Jan 25, 2024.
             Slain by a gnoll
             ... wielding a +0 whip
              (5 damage)
             ... on level 2 of the Dungeon.
             The game lasted 00:03:35 (1190 turns).

Mahakala the Covered (Gargoyle Fighter)             Turns: 1190, Time: 00:03:35

Health: -3/28      AC: 10    Str: 28    XL:     4   Next: 16%
Magic:  4/4        EV:  9    Int:  8    God:
Gold:   74         SH:  4    Dex:  9    Spells: 3/3 levels left

rFire   . . .        a - +0 flail
rCold   . . .        c - +0 buckler
rNeg    + . .        b - +0 scale mail
rPois   ∞            (no helmet)
rElec   +            (no cloak)
rCorr   .            (no gloves)
SInv    .            (no boots)
Will    .....        (no amulet) Stlth
                     n - +6 ring of strength
HPRegen 0.24/turn    (no ring)
MPRegen 0.09/turn

%: no passive effects
@: no status effects
A: sickness immunity, AC +3, negative energy resistance 1, electricity
resistance, torment resistance 1, petrification resistance
a: no special abilities


You were on level 2 of the Dungeon.
You visited 1 branch of the dungeon, and saw 2 of its levels.

You collected 74 gold pieces.

Inventory:

Hand Weapons
 a - a +0 flail (weapon)
Missiles
 k - a poisoned dart (quivered)
 p - 7 stones
Armour
 b - a +0 scale mail (worn)
 c - a +0 buckler (worn)
Jewellery
 n - a +6 ring of strength (left hand)
Scrolls
 e - 3 scrolls of teleportation {unknown}
 f - 2 scrolls of enchant weapon {unknown}
 i - a scroll of fog {unknown}
 j - a scroll of enchant armour {unknown}
 m - a scroll of identify {unknown}
Potions
 d - a potion of might
 g - 2 potions of attraction {unknown}
 h - 2 potions of enlightenment {unknown}
 l - 2 potions of lignification {unknown}
 o - 2 potions of heal wounds {unknown}
 q - a potion of degeneration {unknown}


   Skills:
 - Level 3.2 Fighting
 * Level 3.8 Maces & Flails
 - Level 4.0 Armour
 - Level 3.2 Shields


You had 3 spell levels left.
You didn't know any spells.
Your spell library contained the following spells:

 Spells                   Type           Power      Damage    Failure   Level
 Hailstorm                Conj/Ice       0%         3d5       97%         3
 Summon Ice Beast         Ice/Summ       0%         N/A       97%         3
 Sculpt Simulacrum        Ice/Alch       0%         N/A       100%        6


Dungeon Overview and Level Annotations

Branches:
Dungeon (2/15)

Altars:

Shops:
D:1 [


Innate Abilities, Weirdness & Mutations

You are immune to sickness and miasma.
Your stone body is resilient. (AC +3)
You are immune to poison.
You resist negative energy. (rN+)
You are resistant to electric shocks. (rElec)
You are resistant to unholy torment.
You are immune to petrification.


Message History

Aim: a gnoll, wielding a +0 whip (54% to hit)
You throw a poisoned dart. The poisoned dart hits the gnoll.
You closely miss the gnoll. The gnoll completely misses you.
You completely miss the gnoll.
The gnoll looks more healthy.
The gnoll hits you from afar with a +2 halberd of protection.
You block the gnoll's attack.
You completely miss the gnoll. The gnoll completely misses you.
The gnoll barely misses you. The gnoll closely misses you.
You closely miss the gnoll. The gnoll hits you but does no damage.
The gnoll hits you with a +0 whip.
You completely miss the gnoll. The gnoll barely misses you.
The gnoll hits you with a +0 whip.
You hit the gnoll.
The gnoll is moderately wounded.
The gnoll hits you but does no damage. The gnoll hits you with a +0 whip.
The gnoll attacks as it pursues you! The gnoll closely misses you.
The gnoll attacks as it pursues you!
The gnoll hits you from afar with a +2 halberd of protection.
* * * LOW HITPOINT WARNING * * *
The gnoll barely misses you. The gnoll attacks as it pursues you!
The gnoll hits you from afar with a +2 halberd of protection!
* * * LOW HITPOINT WARNING * * *
The gnoll attacks as it pursues you! The gnoll hits you but does no damage.
The gnoll attacks as it pursues you! You block the gnoll's attack.
The gnoll attacks as it pursues you!
The gnoll hits you from afar with a +2 halberd of protection.
* * * LOW HITPOINT WARNING * * *
A rat comes into view.
The rat squeaks loudly.
The gnoll attacks as it pursues you! The gnoll completely misses you.
The gnoll attacks as it pursues you! The gnoll hits you but does no damage.
The gnoll attacks as it pursues you! The gnoll hits you with a +0 whip.
* * * LOW HITPOINT WARNING * * *
The gnoll attacks as it pursues you! The gnoll hits you with a +0 whip.
* * * LOW HITPOINT WARNING * * *
Found a pair of gloves.
The hobgoblin shouts!
The gnoll attacks as it pursues you! The gnoll hits you with a +0 whip.
You die...

#.<..#.###..####.............#
#.............#........#..#..##
##............#........#..#...#
####............####P......#.#
#............#[.#...##..#..
#............'..#P..##..##.
#..........gP####...##...#.
#..............g...........
####.....<@g.r.....###.....
#.....<#..###.#..# #.....
#......##.###....###....#
#<......#............).##
##.....#..##.##....#...###
##..........[.##......).##.
###.......##>.#......###..##.
###....########.#....>####.....
#......# ##................


You could see 2 gnolls, a hobgoblin and a rat.

Vanquished Creatures
  A gnoll (D:2)
  2 adders (D:2)
  A ribbon worm (D:2)
  A dart slug (D:2)
  A ball python (D:1)
  6 endoplasms
  2 goblins (D:1)
  4 hobgoblins
  3 jackals
  A kobold (D:2)
  A quokka (D:1)
  4 bats
  A frilled lizard (D:1)
  4 rats
32 creatures vanquished.

Notes
Turn   | Place    | Note
-------+----------+-------------------------------------------
     0 | D:1      | Mahakala the Gargoyle Fighter began the quest for the Orb.
     0 | D:1      | Reached XP level 1. HP: 14/14 MP: 1/1
   179 | D:1      | Reached XP level 2. HP: 16/19 MP: 2/2
   626 | D:1      | Found Fot Mel's Armour Shoppe.
   627 | D:1      | Noticed an animated pearl dragon scales
   628 | D:1      | Noticed an animated plate armour
   742 | D:1      | Reached XP level 3. HP: 22/23 MP: 3/3
   808 | D:2      | Found a faded altar of an unknown god.
   860 | D:2      | Reached skill level 4 in Armour
   977 | D:2      | Reached XP level 4. HP: 15/28 MP: 4/4
  1184 | D:2      | HP: 1/28 [gnoll/+0 whip (3)]
  1190 | D:2      | Slain by a gnoll

Illustrated notes

Levels and vault maps discovered:
D:1:      minmay_arrival_split_and_join, layout_basic, serial_shops,
          nicolae_shop_mannequins
D:2:      layout_rooms, ebering_ecumenical_altar_abandoned, corexii_shack,
          minivault_26

Skill      XL: |  1  2  3 |
---------------+----------+-----
Maces & Flails | 3 |  3.8
Armour         | 4 |  4.0
Fighting       | |  3.2
Shields        | |  3.2

Action                     |  1- 3 |  4- 6 || total
---------------------------+-------+-------++-------
  Melee: Flail             |    86 |    12 ||    98
  Throw: Dart              |       |     4 ||     4
 Armour: Scale mail        |    69 |    16 ||    85
  Dodge: Dodged            |    49 |    10 ||    59
  Block: Buckler           |    13 |     4 ||    17
